 Dungeon Crawl Stone Soup version 0.29.0-13-gc9e81de378 (webtiles) character file.

Game seed: 4192337886462910188

23 Artool the Cudgeller (level 2, -5/23 HPs)
             Began as a Demonspawn Gladiator on Sept 8, 2022.
             Slain by Terence
             ... wielding a +0 morningstar
              (9 damage)
             ... on level 2 of the Dungeon.
             The game lasted 00:01:29 (1152 turns).

Artool the Cudgeller (Demonspawn Gladiator)         Turns: 1152, Time: 00:01:30

Health: -5/23      AC:  7    Str: 14    XL:     2   Next: 72%
Magic:  2/2        EV: 10    Int:  9    God:
Gold:   35         SH:  0    Dex: 14    Spells: 1/1 levels left

rFire   . . .      SeeInvis .   a - +0 flail
rCold   . . .      Faith    .   (no shield)
rNeg    . . .      Spirit   .   i - +0 scale mail
rPois   .          Reflect  .   c - +0 helmet
rElec   .          Harm     .   (no cloak)
rCorr   .          Rampage  .   (no gloves)
Will    .....                   (no boots)
Stlth   ..........              (no amulet)
HPRegen 0.07/turn               (no ring)
MPRegen 0.08/turn               (no ring)

@: no status effects
A: foul stench 1
a: no special abilities


You were on level 2 of the Dungeon.
You visited 1 branch of the dungeon, and saw 2 of its levels.

You collected 35 gold pieces.

Inventory:

Hand Weapons
 a - a +0 flail (weapon)
Missiles
 d - 3 throwing nets (quivered)
 e - a javelin
Armour
 b - a +0 leather armour
 c - a +0 helmet (worn)
 i - a +0 scale mail (worn)
Magical Staves
 m - a staff of fire
Jewellery
 k - an amulet of magic regeneration
Scrolls
 h - a scroll of poison {unknown}
 j - a scroll of amnesia {unknown}
 q - a scroll of identify {unknown}
 r - a scroll of noise {unknown}
Potions
 f - a potion of attraction {unknown}
 g - a potion of berserk rage {unknown}
 l - a potion of cancellation {unknown}
 n - 3 potions of mutation {unknown}
 o - a potion of curing {unknown}
 p - a potion of degeneration {unknown}


   Skills:
 + Level 2.3 Fighting
 + Level 3.0 Maces & Flails
 - Level 1.7 Throwing
 + Level 0.9 Armour
 + Level 2.9 Dodging


You had one spell level left.
You didn't know any spells.
Your spell library contained the following spells:

 Spells                   Type           Power      Damage    Failure   Level
 Tukima's Dance           Hex            0%         N/A       99%         3
 Passage of Golubria      Tloc           0%         N/A       100%        4
 Yara's Violent Unravell  Hex/Tmut       0%         3d3       100%        5


Dungeon Overview and Level Annotations

Branches:
Dungeon (2/15)

Altars:

Annotations:
D:2 Jessica, Terence


Innate Abilities, Weirdness & Mutations

You may rarely emit foul miasma when damaged in melee.


Message History

The bat attacks as you move away! The bat barely misses you.
The bat hits you but does no damage. The bat barely misses you.
The frilled lizard unfolds its giant frill.
The bat hits you but does no damage. The bat misses you.
You thump the bat!
You kill the bat!
The bat hits you but does no damage. The bat hits you but does no damage.
You miss the bat. The bat misses you. The bat closely misses you.
The bat misses you.
You miss the bat. The bat hits you but does no damage. x3
You hit the bat.
The bat is moderately wounded.
The bat hits you but does no damage.
You hit the bat.
You kill the bat!
The ball python bites you but does no damage.
The ball python barely misses you.
You hit the ball python.
You kill the ball python!
The frilled lizard bites you but does no damage.
You sock the frilled lizard!
You kill the frilled lizard!
Terence hits you with a +0 morningstar.
You sock Terence!
Terence is heavily wounded.
Terence looks scornfully at you.
Terence zaps a wand.
The puff of flame hits you.
You barely miss Terence.
Terence is heavily wounded.
Terence closely misses you.
You hit Terence but do no damage.
Terence is heavily wounded.
Terence hits you with a +0 morningstar.
* * * LOW HITPOINT WARNING * * *
You sock Terence!
Terence is almost dead.
Terence hits you with a +0 morningstar!
You die...

.. ...# #.##.#.. #. #..#
#...#... #>##.###..#
#..#.#.# #....<)#..#
#†.#.#.#
...###.#..#####..#.#.# .
#.#.............###
...###.................#
#....).#.#.#####.#..##.#
#.##.###.#.## #@##.##.#
.....#....####@##.##.#
#..#.#.........#†#.).#.##
#...........##.......@..#
##.#.#..##.######....##.#
...... #.# #.#.###.#####
###.... ... #.#.#..S†...#
####.##... .#..#@l♣....#
.. ####. ##.#....~~P..#


You could see Terence.

Vanquished Creatures
  2 endoplasms (D:1)
  2 giant cockroaches (D:1)
  2 goblins
  2 hobgoblins
  2 kobolds
  2 ball pythons
  4 bats
  4 frilled lizards
  3 rats (D:1)
23 creatures vanquished.

Vanquished Creatures (others)
  3 plants (D:2)
3 creatures vanquished.

Grand Total: 26 creatures vanquished

Notes
Turn   | Place    | Note
-------+----------+-------------------------------------------
     0 | D:1      | Artool the Demonspawn Gladiator began the quest for the
                  | Orb.
     0 | D:1      | Reached XP level 1. HP: 16/16 MP: 1/1
   160 | D:1      | Gained mutation: You may rarely emit foul miasma when
                  | damaged in melee. [demonic ancestry]
   160 | D:1      | Reached XP level 2. HP: 20/22 MP: 2/2
   825 | D:2      | Noticed Jessica
  1124 | D:2      | Reached skill level 3 in Maces & Flails
  1125 | D:2      | Noticed Terence
  1152 | D:2      | Slain by Terence

Illustrated notes

Levels and vault maps discovered:
D:1:      lemuel_arrival_funnel, layout_basic
D:2:      layout_loops_ring, serial_bayou, serial_bayou_shore_b,
          serial_bayou_shore_a, serial_bayou_pond_d, serial_bayou_pond_e,
          serial_bayou_pond_d, serial_bayou_pond_b, uniq_jessica, uniq_terence,
          uniq_crazy_yiuf_cottage

Skill      XL: |  1  2 |
---------------+-------+-----
Maces & Flails | 3 |  3.0
Fighting       | |  2.3
Throwing       | |  1.7
Armour         | |  0.9
Dodging        | |  2.9

Action                   || total
-------------------------++-------
Melee: Flail             ||    64
       Punch             ||     1
Armor: Scale mail        ||    35
Dodge: Dodged            ||    58
